 Dungeon Crawl Stone Soup version 0.29.1-15-g9cfb28693d (webtiles) character file.

Game seed: 17720456193812043548

2702 safid the Frost Mage (level 9, 0/74 HPs)
             Began as a Merfolk Ice Elementalist on Apr 19, 2023.
             Slain by an orc warrior
             ... wielding a +0 trident
              (10 damage)
             ... on level 7 of the Dungeon.
             The game lasted 00:12:17 (8389 turns).

safid the Frost Mage (Merfolk Ice Elementalist)     Turns: 8389, Time: 00:12:18

Health: 0/74       AC: 13    Str:  9    XL:     9   Next: 65%
Magic:  10/19      EV: 12    Int: 18    God:
Gold:   769        SH:  0    Dex: 14    Spells: 15/22 levels left

rFire   . . .      SeeInvis .   e - +1 short sword (drain)
rCold   . . .      Faith    .   (no shield)
rNeg    . . .      Spirit   .   a - +0 robe
rPois   .          Reflect  .   (no helmet)
rElec   .          Harm     .   (no cloak)
rCorr   .          Rampage  .   w - +1 pair of gloves
Will    .....                   u - +0 pair of boots
Stlth   ++........              (no amulet)
HPRegen 0.22/turn               (no ring)
MPRegen 0.16/turn               (no ring)

@: ice-armoured, freezing walls
A: (nimble swimmer 2), mertail
a: no special abilities


You were on level 7 of the Dungeon.
You visited 2 branches of the dungeon, and saw 8 of its levels.

You collected 769 gold pieces.

Inventory:

Hand Weapons
 e - a +1 short sword of draining (weapon)
Missiles
 q - 2 throwing nets
Armour
 a - a +0 robe (worn)
 u - a +0 pair of boots (worn)
 w - a +1 pair of gloves (worn)
Jewellery
 p - a ring of fire
Wands
 m - a wand of polymorph (11)
 x - a wand of flame (21)
Scrolls
 d - a scroll of fear {unknown}
 g - a scroll of blinking {unknown}
 j - 3 scrolls of enchant weapon
 k - a scroll of butterflies
 l - 2 scrolls of enchant armour
 r - a scroll of teleportation
Potions
 b - 3 potions of magic
 c - 4 potions of curing {unknown}
 f - a potion of might {unknown}
 h - a potion of mutation {unknown}
 i - a potion of berserk rage {unknown}
 n - a potion of degeneration {unknown}
 o - 2 potions of haste
 s - 2 potions of attraction {unknown}
 t - a potion of heal wounds {unknown}
 v - a potion of cancellation {unknown}


   Skills:
 + Level 8.0 Fighting
 - Level 2.6 Dodging
 - Level 2.1 Stealth
 + Level 7.1 Spellcasting
 + Level 9.3 Ice Magic


You had 15 spell levels left.
You knew the following spells:

 Your Spells              Type           Power      Damage    Failure   Level
a - Freeze                Ice            100%       1d11      1%          1
b - Frozen Ramparts       Ice            80%        1d13      1%          3
c - Ozocubu's Armour      Ice            40%        N/A       1%          3

Your spell library contained the following spells:

 Spells                   Type           Power      Damage    Failure   Level
 Hailstorm                Conj/Ice       23%        3d7       16%         4
 Conjure Flame            Conj/Fire      6%         6-21      32%         3
 Ignite Poison            Fire/Tmut/Pois 6%         N/A       32%         3
 Sticky Flame             Conj/Fire      6%         2d3       71%         4


Dungeon Overview and Level Annotations

Branches:
Dungeon (7/15)             Temple (1/1) D:4

Altars:
Ashenzari
Cheibriados
Dithmenos
Elyvilon
Fedhas
Gozag
Hepliaklqana
Nemelex Xobeh
Okawaru
Qazlal
Ru
Sif Muna
Trog
Uskayaw
Wu Jian
Xom
Yredelemnul
Zin
The Shining One

Annotations:
D:3 3 runed translucent doors, wextippler1's ghost, amateur DsCj


Innate Abilities, Weirdness & Mutations

((You are very nimble when in or above water. (Stealth+, EV+, Speed+++)))
Your lower body shifts to a powerful aquatic tail in water.


Message History

You barely miss the orc.
The orc is severely wounded.
The wall freezes the orc!
You kill the orc!
The wall freezes the orc warrior but does no damage.
The orc warrior drinks a potion.
The orc warrior seems to speed up.
An orc priest comes into view. It is wielding a +0 whip.
The wall freezes the orc warrior but does no damage.
The orc warrior closely misses you.
The wall freezes the orc warrior but does no damage.
The orc warrior hits you but does no damage.
The wall freezes the orc warrior.
The orc warrior hits you from afar with a +0 trident!
The wall freezes the orc warrior.
The orc warrior hits you from afar with a +0 trident!
The wall freezes the orc warrior.
The orc warrior hits you but does no damage.
The wall freezes the orc warrior.
The orc warrior hits you from afar with a +0 trident.
The wall freezes the orc warrior.
The orc warrior hits you from afar with a +0 trident.
The wall freezes the orc warrior.
The orc warrior hits you from afar with a +0 trident.
The wall freezes the orc warrior.
The orc warrior hits you from afar with a +0 trident.
The wall freezes the orc warrior but does no damage.
The orc warrior closely misses you.
The frozen ramparts melt away.
The orc warrior hits you from afar with a +0 trident!
The orc priest calls down the wrath of Beogh upon you.
Beogh smites you!
* * * LOW HITPOINT WARNING * * *
Casting: Frozen Ramparts (safe; 1% risk of failure)
Confirm with . or Enter, or press ? or * to list all spells.
Casting: Frozen Ramparts (safe; 1% risk of failure)
Press: ? - help, Dir - look around, f - activate The walls around you are covered in ice.
The wall freezes the orc warrior.
The orc warrior hits you from afar with a +0 trident!
You die... #. #.. ........ #. ##. ....... #.#####.. .....# #.......# ....+ #....#### ..o## #....###. oo.

#........ #)# ##
#....####
#@###.####....#...
#..#..#...........
##...#............
...###..#............
......................
...........##.........
.................##...
....................##
###############.......


You could see an orc warrior (fast), an orc priest and an orc wizard.

Vanquished Creatures
  A troll (D:5)
  Sigmund (D:3)
  A steam dragon (D:6)
  Menkaure (D:6)
  A water moccasin (D:7)
  Duvessa (D:4)
  An ice beast (D:5)
  A sky beast (D:7)
  4 ogres
  A centaur (D:5)
  A phantom (D:5)
  A bullfrog (D:7)
  A gnoll sergeant (D:6)
  A necrophage (D:6)
  3 scorpions
  Dowan (D:4)
  2 jellies
  10 hounds
  7 iguanas
  2 orc wizards (D:7)
  10 gnolls
  6 adders
  A white imp (D:5)
  3 worms (D:2)
  3 dart slugs
  17 orcs
  8 endoplasms
  4 giant cockroaches
  7 goblins
  11 hobgoblins
  4 jackals
  2 quokkas
  5 ball pythons
  4 bats
  5 frilled lizards
  3 kobolds
  3 rats (D:1)
138 creatures vanquished.

Vanquished Creatures (others)
  An angel (D:7)
1 creature vanquished.

Grand Total: 139 creatures vanquished

Notes
Turn   | Place    | Note
-------+----------+-------------------------------------------
     0 | D:1      | safid the Merfolk Ice Elementalist began the quest for the
                  | Orb.
     0 | D:1      | Reached XP level 1. HP: 13/13 MP: 3/3
   455 | D:1      | Reached XP level 2. HP: 17/20 MP: 5/5
   576 | D:1      | Reached skill level 1 in Fighting
  1008 | D:1      | Found a faded altar of an unknown god.
  1354 | D:2      | Reached XP level 3. HP: 26/26 MP: 2/6
  1439 | D:2      | Reached skill level 5 in Ice Magic
  1463 | D:2      | Reached XP level 4. HP: 19/33 MP: 6/8
  1640 | D:2      | Learned a level 3 spell: Frozen Ramparts
  1644 | D:2      | Learned a level 3 spell: Ozocubu's Armour
  2387 | D:3      | Noticed Sigmund
  2398 | D:3      | Killed Sigmund
  2399 | D:3      | Reached XP level 5. HP: 36/41 MP: 2/10
  2399 | D:3      | Reached XP level 6. HP: 41/47 MP: 2/11
  2589 | D:3      | Found a runed translucent gate.
  2591 | D:3      | Found a runed translucent gate.
  2592 | D:3      | Found a runed translucent gate.
  2592 | D:3      | Noticed wextippler1's ghost (amateur DsCj)
  3148 | D:3      | Found a bloodstained altar of Trog.
  3572 | D:4      | Found a staircase to the Ecumenical Temple.
  3579 | D:4      | Noticed Duvessa
  3579 | D:4      | Noticed Dowan
  3596 | D:4      | Killed Duvessa
  3597 | D:4      | Reached skill level 6 in Ice Magic
  3629 | D:4      | Killed Dowan
  3630 | D:4      | Reached XP level 7. HP: 11/54 MP: 0/13
  3884 | Temple   | Entered the Ecumenical Temple
  4576 | D:5      | Entered Level 5 of the Dungeon
  4785 | D:5      | Noticed a troll
  4797 | D:5      | Killed a troll
  5026 | D:5      | Reached skill level 5 in Fighting
  5028 | D:5      | Reached skill level 5 in Spellcasting
  5028 | D:5      | Reached skill level 7 in Ice Magic
  5028 | D:5      | Reached XP level 8. HP: 50/62 MP: 5/15
  6318 | D:5      | Reached skill level 8 in Ice Magic
  6577 | D:5      | Reached XP level 9. HP: 56/71 MP: 16/18
  7380 | D:6      | Noticed Menkaure
  7390 | D:6      | Killed Menkaure
  7617 | D:6      | Reached skill level 9 in Ice Magic
  8259 | D:7      | Found a shimmering altar of Xom.
  8281 | D:7      | Found a glowing silver altar of Zin.
  8281 | D:7      | Noticed an angel
  8336 | D:7      | Killed an angel
  8389 | D:7      | Slain by an orc warrior

Illustrated notes

Levels and vault maps discovered:
D:1:      dpeg_arrival_pond, layout_basic,
          chequers_ecumenical_altar_simple_redux, st_stairs_3
D:2:      layout_rooms, chequers_serial_rivers_micro_c
D:3:      layout_basic, trog_book, ebering_ghost_rock_garden, glass_columns_a,
          uniq_sigmund
D:4:      layout_basic, minmay_temple_entry_waves, uniq_duvessa
D:5:      minmay_polygon_palace, layout_basic, minmay_misc_feat_alley,
          cheibrodos_gnoll_hut
D:6:      nicolae_cairo_tiling_very_big, layout_loops_corners, uniq_menkaure
D:7:      dreamdust_elfheim, layout_rooms,
          grunt_temple_overflow_lords_of_destruction,
          grunt_temple_overflow_order_and_chaos_1, mainiacjoe_overflow_paths,
          serial_bayou_pond_d
Temple:   eino_temple_rhombus

Skill      XL: |  1  2  3  4  5  6  7  8  9 |
---------------+----------------------------+-----
Fighting       | 1 2 3 4 5 6 8 |  8.0
Ice Magic      | 5 6 7 8 9 |  9.3
Spellcasting   | 3 4 5 6 7 |  7.1
Dodging        | |  2.6
Stealth        | |  2.1

Action                   |  1- 3 |  4- 6 |  7- 9 || total
-------------------------+-------+-------+-------++-------
Melee: Short sword       |    40 |    84 |   160 ||   284
       Unarmed           |     1 |       |       ||     1
       Punch             |       |     1 |     4 ||     5
 Cast: Freeze            |    28 |    27 |    22 ||    77
       Frozen Ramparts   |       |     4 |    35 ||    39
       Ozocubu's Armour  |       |     1 |    22 ||    23
  Use: Scroll            |       |       |     5 ||     5
 Stab: Sleeping          |       |     3 |     1 ||     4
Armor: Robe              |     4 |    13 |    69 ||    86
Dodge: Dodged            |    49 |    62 |   145 ||   256
